 Dungeon Crawl Stone Soup version 0.27-a0-1291-geefcff550b (webtiles) character file.

Game seed: 7003351068669930127

1691 Sweetruy1997 the Magician (level 9, 0/57 HPs)
             Began as a Djinni Fire Elementalist on June 15, 2021.
             Was a Believer of Makhleb.
             Slain by a cyclops (7 damage)
             ... on level 6 of the Dungeon on June 16, 2021.
             The game lasted 00:39:06 (7542 turns).

Sweetruy1997 the Magician (DjFE)                    Turns: 7542, Time: 00:39:08

Health: 0/57       AC: 12    Str:  7    XL:     9   Next: 22%
Gold:   1354       EV: 11    Int: 23    God:    Makhleb [**....] SH:  0 Dex: 25

rFire    + + +     SeeInvis .   i - +9 sword of Zonguldrok {reap}
rCold    x . .     Faith    .   (no shield)
rNeg     + . .     Spirit   .   y - +3 ring mail "Zioquaj" {-Tele Fly Dex+5 Stlth+}
rPois    ∞         Reflect  .   c - +1 hat
rElec    .         Harm     .   B - +1 cloak "Etiathas" {Fly rPois rF+ rN+ Dex+3}
rCorr    .         Rampage  .   v - +0 pair of gloves
Will     .....     NoTele   +   (boots unavailable)
Stlth    +++.......             (no amulet)
HPRegen  0.19/turn              k - +6 ring of intelligence
MPRegen  0.00/turn              w - ring of wizardry

@: flying, studying Evocations
A: sickness immunity, fire resistance 2, cold vulnerability 1, float, innate
caster, hp casting, extra vitality 1
a: Renounce Religion, Minor Destruction


You were on level 6 of the Dungeon.
You worshipped Makhleb.
Makhleb was pleased with you.
You visited 2 branches of the dungeon, and saw 7 of its levels.
You also visited: Sewer and Ossuary.

You collected 1354 gold pieces.

Inventory:

Hand Weapons
 b - a +3 dagger of flaming
 i - the +9 sword of Zonguldrok (weapon) {reap}
   (You found it on level 5 of the Dungeon)

   If a monster killed with it leaves a corpse in good enough shape, the corpse
   is reanimated as a zombie friendly to the killer.
Armour
 c - a +1 hat (worn)
 v - a +0 pair of gloves (worn)
 y - the +3 ring mail "Zioquaj" (worn) {-Tele Fly Dex+5 Stlth+}
   (You found it on level 6 of the Dungeon)

   It affects your dexterity (+5).
   It grants you flight.
   It prevents most forms of teleportation.
   It makes you more stealthy.
 B - the +1 cloak "Etiathas" (worn) {Fly rPois rF+ rN+ Dex+3}
   (You found it on level 6 of the Dungeon)

   It affects your dexterity (+3).
   It protects you from fire.
   It protects you from poison.
   It protects you from negative energy.
   It grants you flight.
Magical Staves
 e - a staff of earth
 s - a staff of poison
Jewellery
 k - a +6 ring of intelligence (left hand)
 w - a ring of wizardry (right hand)
Wands
 d - a wand of mindburst (11)
 p - a wand of paralysis (8)
Scrolls
 h - a scroll of fear
 j - 3 scrolls of teleportation
 l - a scroll of vulnerability {unknown}
 q - a scroll of blinking {unknown}
 r - a scroll of amnesia {unknown}
Potions
 a - a potion of ambrosia {unknown}
 f - 2 potions of brilliance
 g - 3 potions of haste
 n - 2 potions of magic {unknown}
 o - a potion of invisibility {unknown}
 t - 3 potions of might
 u - a potion of curing
 x - a potion of lignification {unknown}
 z - a potion of berserk rage {unknown}
 A - 2 potions of flight {unknown}


   Skills:
 - Level 1.0 Fighting
 - Level 2.0(3.5) Short Blades
 + Level 4.5(4.7) Long Blades
 - Level 1.0 Staves
 - Level 1.0 Armour
 - Level 3.0 Dodging
 - Level 2.0 Stealth
 + Level 7.3 Spellcasting


You couldn't memorise any spells.
You knew the following spells:

 Your Spells              Type           Power      Damage    Failure   Level
a - Foxfire               Conj/Fire      100%       2x1d9     1%          1
b - Conjure Flame         Conj/Fire      41%        6-21      1%          3
c - Inner Flame           Hex/Fire       41%        N/A       1%          3
d - Sticky Flame          Conj/Fire      41%        2d6       5%          4
e - Fireball              Conj/Fire      20%        3d10      14%         5
f - Freeze                Ice            100%       1d11      1%          1
g - Static Discharge      Conj/Air       41%        N/A       1%          2
h - Swiftness             Air            41%        N/A       1%          3
i - Olgreb's Toxic Radia  Pois           41%        N/A       5%          4
Your spell library was empty.

Dungeon Overview and Level Annotations

Branches:
Dungeon (6/15)             Temple (1/1) D:4           Sewer (visited)
Ossuary (visited)

Altars:
Ashenzari
Cheibriados
Dithmenos
Elyvilon
Fedhas
Gozag
Hepliaklqana
Kikubaaqudgha
Makhleb
Nemelex Xobeh
Okawaru
Qazlal
Ru
Sif Muna
Trog
Uskayaw
Vehumet
Wu Jian
Xom
Yredelemnul
Zin
The Shining One

Annotations:
D:6 flotson's ghost, novice DsFi


Innate Abilities, Weirdness & Mutations

You are immune to sickness and miasma.
You are immune to poison.
Your flesh is very heat resistant. (rF++)
You are vulnerable to cold. (rC-)
You float through the air rather than walking.
You learn spells naturally, not from books.
Your magical power is your life essence.
You have superior vitality. (+4 HP)


Message History

Flotson's ghost is lightly damaged.
Makhleb accepts your kill.
You feel better.
Reactivating autopickup.
You feel a bit more experienced.
The scorpion looks even sicker.
Your toxic aura wanes.
The bullfrog skeleton hits you but does no damage.
Flotson's ghost hits you but does no damage.
You hit flotson's ghost.
Flotson's ghost is moderately damaged.
The bullfrog zombie barely misses you.
You riposte.
You slash the bullfrog zombie!
The bullfrog zombie is heavily damaged.
The bullfrog skeleton misses you.
Flotson's ghost hits you but does no damage.
The bullfrog zombie barely misses you.
The bullfrog skeleton barely misses you.
You riposte.
You slash the bullfrog skeleton!
The bullfrog skeleton is heavily damaged.
You slash the cyclops!
The cyclops is severely wounded.
You kill the scorpion!
Makhleb accepts your kill.
You feel better.
The bullfrog zombie hits you but does no damage.
Flotson's ghost hits you.
The bullfrog skeleton hits you but does no damage.
The cyclops hits you!!
The bullfrog zombie hits you but does no damage.
Flotson's ghost hits you but does no damage.
You are electrocuted!
* * * LOW HITPOINT WARNING * * *
The bullfrog skeleton hits you but does no damage.
You feel better.
The bullfrog zombie hits you but does no damage.
The bullfrog skeleton barely misses you.
You riposte.
You slash the bullfrog skeleton!
The bullfrog skeleton is almost destroyed.
The cyclops hits you!
You die...

################################
#..............................>
#>....(.....÷................##.
######.......###.########....##.
#.......###+########.....#.
#.......................[#.
######'#............####...
############.#.C@.........# ##..
...............ZWZ........# #..
###########.###'''###.....# #..
............#.......#.....# ##.
###########.#.......#.....# #.
######.#.#...#.#.....# #.
#......#..#.#..#....#######.
#......#.#...#.#......≈≈≈...
######......#?.?)...#....#'###'##


You could see a cyclops (very poisoned), flotson's ghost, a bullfrog zombie and
a bullfrog skeleton.

Vanquished Creatures
  An ice beast (D:6)
  2 black bears
  2 ogres (D:6)
  A phantom (D:6)
  2 bullfrogs (Sewer)
  3 scorpions
  A howler monkey (D:6)
  3 centaur zombies
  4 hounds
  A human zombie (Ossuary)
  2 iguanas (D:5)
  2 orc wizards
  3 hound zombies (Ossuary)
  3 mummies (Ossuary)
  A howler monkey zombie (D:5)
  Robin (D:1)
  10 adders
  6 river rats (D:6)
  A shadow imp (D:6)
  A white imp (D:6)
  2 ufetubi
  An adder zombie (Ossuary)
  An adder skeleton (D:4)
  A worm (D:2)
  A dart slug (D:5)
  15 orcs
  21 ball pythons
  14 endoplasms
  15 giant cockroaches
  2 gnoll zombies (Ossuary)
  15 goblins
  7 hobgoblins
  6 quokkas
  2 bats
  17 frilled lizards
  4 goblin zombies (Ossuary)
  6 hobgoblin zombies (Ossuary)
  6 jackal zombies (Ossuary)
  6 kobolds
  5 kobold zombies (Ossuary)
  An orc zombie (Ossuary)
  4 quokka zombies (Ossuary)
  20 rats
  2 rat zombies (Ossuary)
224 creatures vanquished.

Vanquished Creatures (collateral kills)
  A foxfire (D:1)
1 creature vanquished.

Vanquished Creatures (others)
  356 foxfires
356 creatures vanquished.

Grand Total: 581 creatures vanquished

Notes
Turn   | Place    | Note
-------+----------+-------------------------------------------
     0 | D:1      | Sweetruy1997 the Djinni Fire Elementalist began the quest
                  | for the Orb.
     0 | D:1      | Reached XP level 1. HP: 15/15 MP: 0/0
   104 | D:1      | Found a faded altar of an unknown god.
   234 | D:1      | Reached XP level 2. HP: 16/21 MP: 0/0
   756 | D:1      | Reached XP level 3. HP: 24/25 MP: 0/0
   756 | D:1      | Learned a level 1 spell: Freeze
  1068 | D:2      | Noticed Robin
  1211 | D:2      | Reached skill level 3 in Spellcasting
  1443 | D:1      | Reached XP level 4. HP: 12/31 MP: 0/0
  1451 | D:1      | Killed Robin
  2258 | D:3      | Reached skill level 1 in Short Blades
  2258 | D:3      | Reached skill level 1 in Armour
  2286 | D:3      | Found a glowing drain.
  2297 | Sewer    | Entered a sewer
  2302 | Sewer    | Reached XP level 5. HP: 26/36 MP: 0/0
  2302 | Sewer    | Learned a level 2 spell: Static Discharge
  2552 | Sewer    | Reached skill level 1 in Fighting
  2764 | Sewer    | Noticed a bullfrog
  2765 | Sewer    | Noticed a bullfrog
  2768 | Sewer    | Killed a bullfrog
  2769 | Sewer    | Reached skill level 4 in Spellcasting
  2769 | Sewer    | Reached XP level 6. HP: 38/42 MP: 0/0
  3244 | D:3      | Reached XP level 7. HP: 35/47 MP: 0/0
  3244 | D:3      | Learned a level 3 spell: Swiftness
  3705 | D:4      | Reached skill level 5 in Spellcasting
  3784 | D:4      | Found a bloodstained altar of Trog.
  4111 | D:4      | Found a staircase to the Ecumenical Temple.
  4181 | Temple   | Entered the Ecumenical Temple
  4361 | Temple   | Became a worshipper of Makhleb the Destroyer
  4571 | D:5      | Entered Level 5 of the Dungeon
  4856 | D:5      | Reached skill level 6 in Spellcasting
  4856 | D:5      | Reached XP level 8. HP: 46/52 MP: 0/0
  4952 | D:5      | Found the +9 sword of Zonguldrok {reap}
  5104 | D:5      | Found a sand-covered staircase.
  5113 | Ossuary  | Entered an ossuary
  5489 | Ossuary  | Reached * piety under Makhleb
  5614 | Ossuary  | Reached skill level 1 in Staves
  5925 | Ossuary  | Reached skill level 1 in Long Blades
  5984 | Ossuary  | Reached ** piety under Makhleb
  6550 | D:6      | Found a runed translucent gate.
  6550 | D:6      | Identified the +3 ring mail "Zioquaj" {-Tele Fly Dex+5
                  | Stlth+}
  6835 | D:6      | Identified the +4 halberd of Luppeargh {drain, rElec rPois
                  | Str+2}
  6902 | D:6      | Found a runed translucent gate.
  6903 | D:6      | Found a runed translucent gate.
  6909 | D:6      | Noticed flotson's ghost (novice DsFi)
  6920 | D:6      | Noticed a cyclops
  6983 | D:6      | Reached skill level 7 in Spellcasting
  6989 | D:6      | Reached XP level 9. HP: 22/57 MP: 0/0
  6989 | D:6      | Learned a level 4 spell: Olgreb's Toxic Radiance
  7254 | D:6      | Identified the +1 cloak "Etiathas" {Fly rPois rF+ rN+
                  | Dex+3}
  7320 | D:6      | Identified 2 scrolls of acquirement
  7321 | D:6      | Acquired a manual of Evocations
  7323 | D:6      | Acquired 979 gold pieces
  7541 | D:6      | HP: 2/57 [flotson's ghost (16)]
  7542 | D:6      | Slain by a cyclops

Illustrated notes

Levels and vault maps discovered:
D:1:      psy_arrival_conway, layout_basic, hellmonk_ecumenical_altar_lost_god,
          chequers_serial_rivers_room_b
D:2:      layout_rooms, minmay_tetromino_s4, uniq_robin
D:3:      layout_basic, gup_sewer_entry_bubbles, minmay_misc_feat_enclosed
D:4:      layout_rooms, vehumet_crystals, general_overflow_altar,
          minmay_temple_entry_mist, st_stairs_5
D:5:      layout_basic, lightli_ossuary_entry_decrepit_ruins
D:6:      layout_basic, gammafunk_ghost_split, corexii_corridor_pit,
          dk_rats_in_the_wall
Temple:   regret_index_temple_chain_breaker

Skill      XL: |  1  2  3  4  5  6  7  8  9 |
---------------+----------------------------+-----
Stealth        | 2 |  2.0
Spellcasting   | 3 4 6 7 |  7.3
Short Blades   | 1 2 |  2.0
Armour         | 1 |  1.0
Fighting       | 1 |  1.0
Dodging        | 3 |  3.0
Staves         | 1 |  1.0
Long Blades    | 3 4 |  4.5

Action                   |  1- 3 |  4- 6 |  7- 9 || total
-------------------------+-------+-------+-------++-------
Melee: Dagger            |    37 |    19 |       ||    56
       Staff             |       |       |    63 ||    63
       Double sword      |       |       |    41 ||    41
 Cast: Foxfire           |    36 |    67 |   112 ||   215
       Freeze            |     5 |    11 |    17 ||    33
       Static Discharge  |       |     2 |     4 ||     6
       Inner Flame       |       |     4 |     5 ||     9
       Fireball          |       |       |     2 ||     2
       Olgreb's Toxic Ra |       |       |     3 ||     3
Evoke: Wand              |       |       |     1 ||     1
  Use: Scroll            |       |     4 |    11 ||    15
       Potion            |       |     2 |     1 ||     3
 Stab: Sleeping          |       |     1 |     1 ||     2
Armor: Leather armour    |     7 |     7 |    53 ||    67
       Robe              |     1 |       |       ||     1
       Ring mail         |       |       |    14 ||    14
Dodge: Dodged            |    29 |    15 |   122 ||   166
       Rpst.: Double sword |       |       |    10 ||    10

Table legend: (Time is in decaauts)
 A = Elapsed time spent in this place.
 B = Non-inter-level travel time spent in this place.
 C = Inter-level travel time spent in this place.
 D = Time resting spent in this place.
 E = Time spent auto-exploring this place.
 F = Levels seen in this place.
 G = Mean time per level.
                   A        B        C        D        E       F      G
               +--------+--------+--------+--------+--------+-----+--------+
         Total |   7565 |   7333 |    232 |   1977 |   3727 |   9 |  840.6 |
       Dungeon |   5832 |   5641 |    191 |   1428 |   2939 |   6 |  972.0 |
        Temple |    191 |    150 |     41 |      0 |    147 |   1 |  191.0 |
         Sewer |    616 |    616 |      0 |    116 |    356 |   1 |  616.0 |
       Ossuary |    924 |    924 |      0 |    433 |    285 |   1 |  924.0 |
               +--------+--------+--------+--------+--------+-----+--------+

Top non-repeatable levels by time:
     D:1: 1417 daAuts
     D:6: 1182 daAuts
 Ossuary: 924 daAuts
     D:5: 887 daAuts
     D:4: 798 daAuts
     D:2: 786 daAuts
     D:3: 760 daAuts
   Sewer: 616 daAuts
  Temple: 191 daAuts
